 Dungeon Crawl Stone Soup version 0.30-a0-1074-g5db6f66fbb (webtiles) character file.

Game seed: 5272097950330216466

359 BubbleThief the Chopper (level 6, -11/57 HPs)
             Began as a Hill Orc Fighter on Apr 13, 2023.
             Was an Initiate of the Shining One.
             Mangled by Duvessa
             ... wielding a +0 short sword
              (12 damage)
             ... on level 4 of the Dungeon.
             The game lasted 00:04:46 (2338 turns).

BubbleThief the Chopper (Hill Orc Fighter)          Turns: 2338, Time: 00:04:46

Health: -11/57     AC:  9    Str: 21    XL:     6   Next: 65%
Magic:  6/6        EV:  9    Int:  8    God:    the Shining One [......]
Gold:   203        SH:  4    Dex: 10    Spells: 5/5 levels left

rFire   . . .      SeeInvis .    a - +0 war axe
rCold   . . .      Faith    .    c - +0 buckler
rNeg    . . .      Spirit   .    b - +0 scale mail
rPois   .          Reflect  .    (no helmet)
rElec   .          Rampage  .    n - +0 cloak
rCorr   .                        (no gloves)
Will    +....                    i - +0 pair of boots Stlth
                                 (no amulet)
HPRegen 0.29/turn                r - ring of willpower
MPRegen 0.10/turn                (no ring)

@: mighty, glowing
A: no striking features
a: Renounce Religion


You were on level 4 of the Dungeon.
You worshipped the Shining One.
The Shining One was noncommittal.
You visited 1 branch of the dungeon, and saw 4 of its levels.

You collected 203 gold pieces.

Inventory:

Hand Weapons
 a - a +0 war axe (weapon)
Armour
 b - a +0 scale mail (worn)
 c - a +0 buckler (worn)
 i - a +0 pair of boots (worn)
 n - a +0 cloak (worn)
Jewellery
 r - a ring of willpower (left hand)
Scrolls
 e - 2 scrolls of poison {unknown}
 g - 2 scrolls of teleportation {unknown}
 j - 2 scrolls of fear {unknown}
 l - a scroll of fog {unknown}
 m - a scroll of noise {unknown}
 o - a scroll of enchant armour {unknown}
 u - 2 scrolls of enchant weapon {unknown}
 v - 4 scrolls of identify {unknown}
 y - a scroll of vulnerability {unknown}
Potions
 f - 3 potions of curing {unknown}
 h - a potion of mutation {unknown}
 k - a potion of lignification {unknown}
 p - 2 potions of flight {unknown}
 q - a potion of haste {unknown}
 s - a potion of resistance {unknown}
 w - a potion of ambrosia {unknown}
 x - a potion of degeneration {unknown}
 z - a potion of brilliance {unknown}


   Skills:
 + Level 5.7 Fighting
 * Level 7.6 Axes
 - Level 3.2 Armour
 - Level 3.2 Shields


You had 5 spell levels left.
You didn't know any spells.
Your spell library contained the following spells:

 Spells                   Type           Power      Damage    Failure   Level
 Freeze                   Ice            0%         1d3       83%         1
 Frozen Ramparts          Ice            0%         1d1       99%         3
 Hailstorm                Conj/Ice       0%         3d3       99%         3


Dungeon Overview and Level Annotations

Branches:
Dungeon (4/15)
 Temple: D:4-7

Altars:
The Shining One

Shops:
D:2 [

Annotations:
D:3 2 transporters, mandoloar's ghost, amateur OpTm
D:4 Duvessa


Message History

a +0 dagger; a +0 robe; the elf corpse of Dowan
Okay, then.
Okay, then.
Duvessa rages.
Aiming: Fastroot
Press: ? - help, Shift-Dir - straight line The roots erupt in riotous growth!
Roots grab Duvessa.
The now-empty wand crumbles to dust.
The grasping roots constrict Duvessa.
Duvessa rages.
Duvessa struggles to escape constriction.
The grasping roots constrict Duvessa.
The roots release their grip on Duvessa.
Duvessa rages.
You hit Duvessa but do no damage.
Duvessa is moderately wounded.
Duvessa hits you with a +0 short sword! x2
You hit Duvessa but do no damage.
Duvessa is moderately wounded.
Duvessa hits you with a +0 short sword! Duvessa barely misses you.
You feel very mighty all of a sudden. Duvessa hits you with a +0 short sword!
* * * LOW HITPOINT WARNING * * *
You slash Duvessa!
Duvessa is moderately wounded.
Duvessa hits you but does no damage. You block Duvessa's attack.
You hit Duvessa.
Duvessa is heavily wounded.
Duvessa hits you with a +0 short sword.
* * * LOW HITPOINT WARNING * * *
Duvessa hits you with a +0 short sword!
* * * LOW HITPOINT WARNING * * *
You slash Duvessa!
Duvessa is heavily wounded.
Duvessa hits you with a +0 short sword.
* * * LOW HITPOINT WARNING * * *
You slash Duvessa!
Duvessa is almost dead.
Duvessa barely misses you. Duvessa hits you with a +0 short sword!
You die...

#.#..#.###.#.#.................
#....#....................#####
#....#.#.....#...#.####.#.#
#.......................#.#
###........##.##.....######.#
..#....#.#.##........#....<.#
.......#.#.###.#..#####.#####
.......#.#.###.#..# #.....#
.#.............#@.## #####.#
.####...........e..## #.#
.....#.........#....# ####.####
.....#.........#.#..####.......#
.....#................##.#######
.......########.)...####.#
..........# #.....####.#
..........# ##.#.......#
.....#....# #.#########


You could see Duvessa (berserk).

Vanquished Creatures
  A phantom (D:4)
  A scorpion (D:4)
  Dowan (D:4)
  An orc wizard (D:3)
  4 gnolls
  2 adders
  A worm (D:2)
  3 dart slugs
  7 orcs
  9 ball pythons
  11 endoplasms
  A giant cockroach (D:1)
  4 goblins
  9 hobgoblins
  3 quokkas
  7 bats
  4 frilled lizards
  10 kobolds
  6 rats
85 creatures vanquished.

Notes
Turn   | Place    | Note
-------+----------+-------------------------------------------
     0 | D:1      | BubbleThief the Hill Orc Fighter began the quest for the
                  | Orb.
     0 | D:1      | Reached XP level 1. HP: 19/19 MP: 1/1
    34 | D:1      | Reached skill level 3 in Axes
    78 | D:1      | Reached XP level 2. HP: 23/27 MP: 2/2
   217 | D:1      | Reached skill level 4 in Axes
   217 | D:1      | Reached XP level 3. HP: 31/33 MP: 3/3
   357 | D:1      | You fall into a shaft and drop 1 floor!
   452 | D:1      | Found a faded altar of an unknown god.
   856 | D:2      | Reached XP level 4. HP: 15/41 MP: 4/4
   992 | D:2      | Reached skill level 5 in Axes
  1087 | D:2      | Found Ykirudon's Armour Shoppe.
  1093 | D:2      | Found a glowing golden altar of the Shining One.
  1101 | D:2      | Became a worshipper of the Shining One
  1460 | D:3      | Reached XP level 5. HP: 43/47 MP: 5/5
  1512 | D:3      | Found a transporter.
  1515 | D:3      | Noticed mandoloar's ghost (amateur OpTm)
  1516 | D:3      | Found a transporter.
  1575 | D:3      | Reached skill level 5 in Fighting
  1575 | D:3      | Reached skill level 6 in Axes
  2029 | D:4      | Reached XP level 6. HP: 44/56 MP: 6/6
  2117 | D:4      | Reached skill level 7 in Axes
  2262 | D:4      | Noticed Dowan
  2276 | D:4      | Killed Dowan
  2322 | D:4      | Noticed Duvessa
  2336 | D:4      | HP: 2/57 [Duvessa/+0 short sword (10)]
  2338 | D:4      | Mangled by Duvessa

Illustrated notes

Levels and vault maps discovered:
D:1:      saegor_arrival_simple_d, layout_loops_ring,
          shapermc_ecumenical_altar_notcrosses, nicolae_grassy_gnolls
D:2:      layout_rooms, serial_shops, shop, basic_altar
D:3:      layout_rooms, gammafunk_ghost_mausoleum
D:4:      layout_basic, serial_shops, shop, uniq_duvessa, uniq_menkaure

Skill      XL: |  1  2  3  4  5  6 |
---------------+-------------------+-----
Axes           | 3 4 5 6 7 |  7.6
Fighting       | 4 5 |  5.7
Armour         | |  3.2
Shields        | |  3.2

Action                     |  1- 3 |  4- 6 || total
---------------------------+-------+-------++-------
  Melee: War axe           |   110 |   164 ||   274
  Evoke: Wand              |       |     2 ||     2
    Use: Potion            |       |     1 ||     1
 Armour: Scale mail        |    55 |    74 ||   129
  Dodge: Dodged            |    53 |    64 ||   117
  Block: Buckler           |    25 |    36 ||    61

Table legend: (Time is in decaauts)
 A = Elapsed time spent in this place.
 B = Non-inter-level travel time spent in this place.
 C = Inter-level travel time spent in this place.
 D = Time resting spent in this place.
 E = Time spent auto-exploring this place.
 F = Levels seen in this place.
 G = Mean time per level.
                   A        B        C        D        E       F      G
               +--------+--------+--------+--------+--------+-----+--------+
         Total |   2414 |   2372 |     42 |     39 |   1695 |   4 |  603.5 |
       Dungeon |   2414 |   2372 |     42 |     39 |   1695 |   4 |  603.5 |
               +--------+--------+--------+--------+--------+-----+--------+

Top non-repeatable levels by time:
     D:1: 754 daAuts
     D:2: 661 daAuts
     D:3: 526 daAuts
     D:4: 473 daAuts
